[Event "Titled Tuesday Blitz August 1 Late 2023"]
[White "Todorovic, Bojan"]
[Black "Taboas Rodriguez, Daniel"]
[WhiteFideId "917087"]
[BlackFideId "2208466"]
[WhiteElo "2430"]
[BlackElo "2566"]
[Result "0-1"]
[Round "3"]
[TimeControl "180+1"]
[Date "2023.08.01"]
[WhiteClock "0:00:11"]
[BlackClock "0:01:21"]
[Board "90"]

1. c4 Nf6 2. Nc3 g6 3. d4 Bg7 4. e4 O-O 5. h3 d6 6. Be3 Nc6 7. Nge2 e5 8. d5 Nd4 9. Nxd4 exd4 10. Bxd4 Nxe4 11. Bxg7 Re8 12. Be2 Kxg7 13. Qd4+ Qf6 14. Qxf6+ Kxf6 15. Nxe4+ Rxe4 16. Kd2 Rf4 17. f3 Bd7 18. Ke3 Rf5 19. Bd3 Re8+ 20. Kf2 Rfe5 21. b4 g5 22. h4 g4 23. Rac1 h6 24. Rhf1 Re3 25. Be4 Ra3 26. Rc2 gxf3 27. gxf3 Rg8 28. c5 Bh3 29. Rg1 Rxg1 30. Kxg1 Ke5 31. cxd6 cxd6 32. Kh2 f5 33. Kxh3 fxe4 34. Rc7 Rxf3+ 35. Kg2 Ra3 36. Rxb7 Rxa2+ 37. Kf1 Kxd5 0-1


[Site "https://www.chess.com"]

[Event "Titled Tuesday Blitz August 1 Late 2023"]
[White "Domingo Nunez, Ruben"]
[Black "Necromon"]
[WhiteFideId "22245570"]
[WhiteElo "2565"]
[BlackElo "2428"]
[Result "1-0"]
[Round "3"]
[TimeControl "180+1"]
[Date "2023.08.01"]
[WhiteClock "0:02:11"]
[BlackClock "0:01:04"]
[Board "91"]

1. b3 Nf6 2. Bb2 e6 3. Nf3 d5 4. e3 Be7 5. g4 c5 6. g5 Nfd7 7. Bxg7 Rg8 8. Bb2 Nc6 9. h4 Qc7 10. c4 Nb6 11. cxd5 Nxd5 12. Nc3 b6 13. Bd3 Bb7 14. Bxh7 Rf8 15. Nxd5 exd5 16. Bg7 O-O-O 17. Bf5+ Kb8 18. Bxf8 Bxf8 19. h5 Bg7 20. h6 Bh8 21. Rc1 Ba6 22. d4 cxd4 23. Nxd4 Bxd4 24. Qc2 Bxe3 25. fxe3 Qe5 26. Qh2 Re8 27. Rxc6 1-0


[Site "https://www.chess.com"]

[Event "Titled Tuesday Blitz August 1 Late 2023"]
[White "Sari, Yasin"]
[Black "Musovic, Armin"]
[WhiteFideId "6320902"]
[BlackFideId "939935"]
[WhiteElo "2426"]
[BlackElo "2563"]
[Result "0-1"]
[Round "3"]
[TimeControl "180+1"]
[Date "2023.08.01"]
[WhiteClock "0:00:01"]
[BlackClock "0:00:28"]
[Board "92"]

1. e4 c6 2. d3 d5 3. Nd2 g5 4. d4 g4 5. c3 h5 6. Bd3 Nd7 7. e5 e6 8. Ne2 a6 9. h3 Nh6 10. hxg4 Rg8 11. Rxh5 Nxg4 12. Nf3 c5 13. Kf1 cxd4 14. cxd4 Qb6 15. Qb3 Qxb3 16. axb3 Nb6 17. Bd2 Bd7 18. Ba5 Nc8 19. Rc1 Ne7 20. Rh7 Nc6 21. Bd2 Rg7 22. Rh8 O-O-O 23. b4 Kb8 24. b5 axb5 25. Bxb5 Be7 26. Rxd8+ Bxd8 27. g3 Rh7 28. Kg2 Ncxe5 29. Nxe5 Nxe5 30. Bxd7 Nxd7 31. Bf4+ Ka7 32. Nc3 Nf6 33. Nb5+ Kb6 34. Nd6 Ne4 35. Nc8+ Kb5 36. f3 Ng5 37. Nd6+ Kb6 38. Nc8+ Ka6 39. b4 f6 40. Nd6 Rc7 41. Ra1+ Kb6 42. Rb1 Rc2+ 43. Kf1 Nxf3 44. Nc8+ Rxc8 45. Ra1 Rc2 0-1


[Site "https://www.chess.com"]

[Event "Titled Tuesday Blitz August 1 Late 2023"]
[White "Jorajuria Mendoza, Algol"]
[Black "Graif, William"]
[WhiteFideId "5128897"]
[BlackFideId "2609835"]
[WhiteElo "2424"]
[BlackElo "2560"]
[Result "0-1"]
[Round "3"]
[TimeControl "180+1"]
[Date "2023.08.01"]
[WhiteClock "0:00:08"]
[BlackClock "0:00:44"]
[Board "93"]

1. e4 e5 2. Nf3 Bc5 3. Nxe5 Nc6 4. Nf3 d5 5. exd5 Qxd5 6. Nc3 Qh5 7. Be2 Bg4 8. Ne4 Nf6 9. Nxc5 Qxc5 10. d3 O-O-O 11. Be3 Qh5 12. Ng5 Rhe8 13. O-O Bxe2 14. Qd2 Bxf1 15. Rxf1 Kb8 16. c4 Ne5 17. Qa5 Nc6 18. Qd2 Ng4 19. Bf4 Nge5 20. b4 Rxd3 21. Qc2 Nd4 0-1


[Site "https://www.chess.com"]

[Event "Titled Tuesday Blitz August 1 Late 2023"]
[White "Nikolova, Adriana"]
[Black "Golubev, Mikhail"]
[WhiteFideId "2908689"]
[BlackFideId "14100983"]
[WhiteElo "2423"]
[BlackElo "2557"]
[Result "1/2-1/2"]
[Round "3"]
[TimeControl "180+1"]
[Date "2023.08.01"]
[WhiteClock "0:00:09"]
[BlackClock "0:00:13"]
[Board "94"]

1. e4 c5 2. Nf3 d6 3. d4 Nf6 4. Nc3 cxd4 5. Nxd4 g6 6. Be3 Bg7 7. Bc4 O-O 8. f3 Nc6 9. Qd2 Bd7 10. Bb3 Nxd4 11. Bxd4 b5 12. h4 a5 13. Nd5 e5 14. Nxf6+ Bxf6 15. Be3 Bxh4+ 16. Kd1 h5 17. Bh6 Re8 18. Qxd6 Be6 19. Qxd8 Rexd8+ 20. Ke2 Bxb3 21. axb3 Be7 22. Bd2 a4 23. b4 Rdc8 24. c3 Kf8 25. Be3 Ke8 26. Rhd1 Rd8 27. Bb6 Rd7 28. Rxd7 Kxd7 29. Be3 Ke6 30. Rd1 a3 31. bxa3 Rxa3 32. Rd5 Ra2+ 33. Kf1 Rc2 34. Rxb5 Rxc3 35. Rb6+ Kd7 36. Rb7+ Ke6 37. Rb6+ Kd7 38. Rb7+ Kd8 39. Ke2 Rc2+ 40. Kd3 Rxg2 41. Bb6+ Ke8 42. Rb8+ Kd7 43. Rb7+ Ke6 44. Bc5 Bxc5 45. bxc5 Rg1 46. Rb6+ Kd7 47. Rb7+ Ke6 48. Rb6+ Kd7 49. Rb7+ Kc6 50. Rxf7 Kxc5 51. Rc7+ Kd6 52. Rh7 Rf1 53. Ke2 Rg1 54. Kf2 Rg5 55. Rh8 Ke6 56. Rh7 Kf6 57. Rh8 Kg7 58. Ra8 h4 59. Ra7+ Kh6 60. Ra1 Rh5 61. Rh1 h3 62. Kg3 Kg5 63. Rxh3 Rxh3+ 64. Kxh3 Kf4 65. Kg2 g5 66. Kf2 g4 67. fxg4 Kxg4 68. Ke3 Kg3 69. Kd3 Kf4 70. Kd2 Kxe4 71. Ke2 Kd4 72. Kd2 e4 73. Ke2 e3 74. Ke1 Kd3 75. Kd1 e2+ 76. Ke1 Ke3 1/2-1/2


[Site "https://www.chess.com"]

[Event "Titled Tuesday Blitz August 1 Late 2023"]
[White "Vlassov, Nikolai"]
[Black "Davidson, Kevin"]
[WhiteFideId "4103360"]
[BlackFideId "2056810"]
[WhiteElo "2555"]
[BlackElo "2422"]
[Result "1-0"]
[Round "3"]
[TimeControl "180+1"]
[Date "2023.08.01"]
[WhiteClock "0:01:05"]
[BlackClock "0:00:00"]
[Board "95"]

1. e4 c5 2. c3 d5 3. exd5 Qxd5 4. d4 cxd4 5. cxd4 Nc6 6. Nf3 Bg4 7. Nc3 Bxf3 8. gxf3 Qxd4 9. Qxd4 Nxd4 10. Nb5 O-O-O 11. Nxd4 Rxd4 12. Be3 Rb4 13. Bxa7 Rxb2 14. Rc1+ Kd7 15. a4 e5 16. Bb5+ Ke6 17. O-O Ne7 18. Rfd1 Nc6 19. Bxc6 bxc6 20. Rxc6+ Kf5 21. Rd8 Bc5 22. Rxh8 Bxa7 23. Rxh7 Rxf2 24. Rc7 Bd4 25. Rxf7+ Ke6 26. Rfxg7 Rxf3+ 27. Kg2 Ra3 28. Rh6+ Kd5 29. Rd7+ Ke4 30. Rh4+ Kf5 31. Rd5 Rxa4 32. Rh8 Ra2+ 33. Kh3 Ra3+ 34. Kg2 Ra2+ 35. Kf1 Ke4 36. Rb5 Ra1+ 37. Ke2 Ra2+ 38. Kd1 Kd3 39. Rh3+ Kc4 40. Rb8 e4 41. Rc8+ Kd5 42. Rd8+ Ke5 43. Rh5+ Kf4 44. Rxd4 Ke3 45. Rd8 Ra1+ 46. Kc2 Ra2+ 47. Kc3 Ra3+ 48. Kb4 Ra2 49. h4 1-0


[Site "https://www.chess.com"]

[Event "Titled Tuesday Blitz August 1 Late 2023"]
[White "Viana Da Costa, Fernando"]
[Black "Geivondian, Arman"]
[WhiteFideId "2111900"]
[BlackFideId "24102032"]
[WhiteElo "2419"]
[BlackElo "2552"]
[Result "0-1"]
[Round "3"]
[TimeControl "180+1"]
[Date "2023.08.01"]
[WhiteClock "0:00:00"]
[BlackClock "0:00:56"]
[Board "96"]

1. e4 c6 2. d4 d5 3. Nc3 dxe4 4. Nxe4 Nf6 5. Ng3 c5 6. Nf3 Bg4 7. h3 Bxf3 8. Qxf3 Nc6 9. dxc5 e6 10. c3 Bxc5 11. Bb5 Rc8 12. O-O O-O 13. Ne4 Nxe4 14. Qxe4 Ne7 15. Qxb7 Rb8 16. Qd7 Qb6 17. Bc4 Rfd8 18. Qa4 Nf5 19. b4 Be7 20. Qb3 Bf6 21. Bb2 Rbc8 22. Rad1 h5 23. Bd3 Ne7 24. c4 Bxb2 25. Qxb2 Nc6 26. a3 a5 27. c5 Qb8 28. Be4 axb4 29. Rxd8+ Nxd8 30. Qxb4 Qe5 31. Rc1 Nc6 32. Bxc6 Rxc6 33. a4 Qg5 34. Rc3 h4 35. a5 Qe5 36. Rc1 Qg5 37. Qc3 Qd8 38. Qb4 Qg5 39. Rc3 Qe5 40. Qb2 Rxc5 41. Rb3 Qxb2 42. Rxb2 Rxa5 43. Rb4 g5 44. f4 f6 45. fxg5 fxg5 46. Rb6 Kf7 47. Rb8 Ra2 48. Rb5 Kf6 49. Rb8 Ra7 50. Rg8 e5 51. Kf2 Ra2+ 52. Kf3 Ra3+ 53. Kf2 e4 54. Rf8+ Ke5 55. Re8+ Kf4 56. Rf8+ Ke5 57. Re8+ Kd5 58. Rd8+ Ke6 59. Re8+ Kf5 60. Rf8+ Kg6 61. Rg8+ Kf6 62. Rf8+ Kg7 63. Re8 Ra2+ 64. Kf1 Ra4 65. Kf2 Kf7 66. Rd8 Ke7 67. Rg8 Kf6 68. Rf8+ Kg7 69. Re8 Kf7 70. Rd8 Ra2+ 71. Kf1 Kf6 72. Re8 Kf5 73. Rf8+ Ke5 0-1


[Site "https://www.chess.com"]

[Event "Titled Tuesday Blitz August 1 Late 2023"]
[White "Ambartsumova, Karina"]
[Black "i_like_explosions"]
[WhiteFideId "4166299"]
[WhiteElo "2550"]
[BlackElo "2419"]
[Result "1-0"]
[Round "3"]
[TimeControl "180+1"]
[Date "2023.08.01"]
[WhiteClock "0:00:53"]
[BlackClock "0:00:00"]
[Board "97"]

1. c4 Nf6 2. Nc3 g6 3. Nf3 Bg7 4. e4 d6 5. d4 O-O 6. h3 e5 7. d5 Na6 8. Be3 Nd7 9. g4 Nac5 10. b4 Na6 11. a3 Qe7 12. Qc2 c5 13. b5 Nc7 14. Bd3 b6 15. Nd2 a6 16. a4 axb5 17. cxb5 Bb7 18. O-O-O Kh8 19. Nc4 f5 20. f3 fxe4 21. fxe4 Rf7 22. h4 Raf8 23. h5 gxh5 24. Rxh5 Nf6 25. Bg5 Qd7 26. Bxf6 Rxf6 27. Qh2 h6 28. g5 Rf2 29. Qh1 Qg4 30. gxh6 Qf4+ 31. Kb1 Bf6 32. Rf5 Qg3 33. Ne2 Rxe2 34. Bxe2 Qc3 35. Qf3 Qb4+ 36. Nb2 Bc8 37. Rxf6 1-0


[Site "https://www.chess.com"]

[Event "Titled Tuesday Blitz August 1 Late 2023"]
[White "Leebit02"]
[Black "Kazakov, Mikhail"]
[BlackFideId "14102749"]
[WhiteElo "2547"]
[BlackElo "2417"]
[Result "1-0"]
[Round "3"]
[TimeControl "180+1"]
[Date "2023.08.01"]
[WhiteClock "0:00:05"]
[BlackClock "0:00:00"]
[Board "98"]

1. e4 c5 2. Nf3 e6 3. d4 cxd4 4. Nxd4 Nc6 5. Nc3 d6 6. g4 Nxd4 7. Qxd4 Ne7 8. g5 Nc6 9. Qd1 a6 10. Be3 Qc7 11. f4 b5 12. a3 Bb7 13. h4 h5 14. Rg1 g6 15. Qd2 Rd8 16. O-O-O Bg7 17. Kb1 O-O 18. f5 Be5 19. Bh3 Bc8 20. Ne2 Na5 21. Bd4 Nc4 22. Qc3 Bxd4 23. Nxd4 e5 24. Ne2 Bb7 25. Qd3 d5 26. fxg6 fxg6 27. Be6+ Kh7 28. exd5 Qd6 29. Ng3 Rf4 30. Nxh5 Rd4 31. Nf6+ Kg7 32. Qe2 Qb6 33. h5 b4 34. Rxd4 Qxd4 35. c3 Qxg1+ 36. Ka2 Qxg5 37. Qxc4 Qxf6 38. Qc7+ Kh6 39. Qxb7 gxh5 40. Qxb4 h4 41. Qe4 Rf8 42. c4 Qg5 43. c5 Rf4 44. Qc2 Qe7 45. c6 Qc7 46. Qc5 h3 47. d6 1-0


[Site "https://www.chess.com"]

[Event "Titled Tuesday Blitz August 1 Late 2023"]
[White "Pein, Jonathan"]
[Black "Santos Flores, Alberto"]
[WhiteFideId "417092"]
[BlackFideId "3601234"]
[WhiteElo "2415"]
[BlackElo "2547"]
[Result "0-1"]
[Round "3"]
[TimeControl "180+1"]
[Date "2023.08.01"]
[WhiteClock "0:00:00"]
[BlackClock "0:01:17"]
[Board "99"]

1. e4 e6 2. Ne2 d5 3. e5 c5 4. d4 Nc6 5. c3 Nge7 6. g3 cxd4 7. cxd4 Qb6 8. Na3 Nf5 9. Nc2 Bd7 10. Bg2 Nb4 11. Nxb4 Bxb4+ 12. Bd2 Bxd2+ 13. Qxd2 Bb5 14. Bh3 Bxe2 15. Qxe2 Nxd4 16. Qd3 Qb4+ 17. Kf1 O-O-O 18. Kg2 Kb8 19. a3 Qc4 20. Qxc4 dxc4 21. Rac1 b5 22. Bg4 h5 23. Bf3 Nxf3 24. Kxf3 Rd2 25. Rhd1 Rhd8 26. Rxd2 Rxd2 27. a4 a6 28. axb5 axb5 29. Rb1 Kb7 30. Ke3 Rd3+ 31. Ke4 Kb6 32. b4 Rb3 33. Rxb3 cxb3 34. Kd3 Kc6 35. Kc3 Kd5 36. f4 b2 37. Kxb2 Kc4 38. Ka3 g6 39. h3 Kc3 40. g4 hxg4 41. hxg4 Kc4 0-1


[Site "https://www.chess.com"]

[Event "Titled Tuesday Blitz August 1 Late 2023"]
[White "Lima, Kleyton Alcantara"]
[Black "Hajiyev, Kanan"]
[WhiteFideId "22718397"]
[BlackFideId "13404148"]
[WhiteElo "2410"]
[BlackElo "2546"]
[Result "1-0"]
[Round "3"]
[TimeControl "180+1"]
[Date "2023.08.01"]
[WhiteClock "0:01:08"]
[BlackClock "0:01:10"]
[Board "101"]

1. e4 c6 2. d4 d5 3. e5 a6 4. Nf3 Bg4 5. Be2 e6 6. O-O c5 7. h3 Bxf3 8. Bxf3 cxd4 9. Qxd4 Nc6 10. Qe3 Qc7 11. Re1 Nh6 12. c4 Nf5 13. Qf4 dxc4 14. Qxc4 Be7 15. Bf4 O-O 16. g4 Nh4 17. Be4 Rac8 18. Nc3 f5 19. exf6 Bd6 20. Qxe6+ Kh8 21. Bxd6 Nd4 22. Qd5 Ndf3+ 23. Bxf3 Nxf3+ 24. Kh1 Qd7 25. Bxf8 Qxd5 26. Bxg7+ Kg8 27. Nxd5 Nxe1 28. Rxe1 Rc2 29. Re8+ Kf7 30. Rf8+ Kg6 31. Nf4+ Kg5 32. f7 Kxf4 33. Re8 1-0


[Site "https://www.chess.com"]

[Event "Titled Tuesday Blitz August 1 Late 2023"]
[White "Der_Balak_3Halak"]
[Black "Kochiev, Ivan"]
[BlackFideId "2917890"]
[WhiteElo "2408"]
[BlackElo "2546"]
[Result "0-1"]
[Round "3"]
[TimeControl "180+1"]
[Date "2023.08.01"]
[WhiteClock "0:00:28"]
[BlackClock "0:00:13"]
[Board "102"]

1. e4 Nf6 2. e5 Nd5 3. c4 Nb6 4. d4 d6 5. f4 g6 6. Nc3 Bg7 7. Nf3 Bg4 8. Be3 O-O 9. h3 Bxf3 10. Qxf3 dxe5 11. fxe5 c5 12. Rd1 cxd4 13. Bxd4 Nc6 14. Nd5 Nxd4 15. Rxd4 Bxe5 16. Nf6+ exf6 17. Rxd8 Raxd8 18. Be2 Rfe8 19. O-O Rd2 20. Kh1 Bd4 21. c5 Rexe2 22. cxb6 axb6 23. b3 Rxa2 24. Qxb7 Rxg2 25. Qxg2 Rxg2 26. Kxg2 Kf8 27. Kf3 f5 28. Re1 Kg7 29. Ke2 g5 30. b4 h5 31. Rd1 Be5 32. Rd5 f6 33. Kd3 g4 34. hxg4 fxg4 35. Rd7+ Kg6 36. Rb7 g3 37. Ke3 h4 38. Kf3 h3 39. Rb8 g2 40. Rg8+ Kf7 41. Rg4 Bd4 42. Rxd4 g1=Q 43. Rd7+ Ke6 44. Rb7 Qh1+ 45. Ke3 Qxb7 46. Kd4 Qd5+ 47. Kc3 Qb5 48. Kb3 Qxb4+ 49. Kxb4 h2 50. Kb5 h1=Q 51. Kxb6 Qd5 52. Kc7 f5 53. Kb6 f4 54. Ka7 f3 55. Kb6 f2 56. Ka6 f1=Q+ 57. Kb6 Qfb5+ 58. Ka7 Qbb7# 0-1


[Site "https://www.chess.com"]

[Event "Titled Tuesday Blitz August 1 Late 2023"]
[White "Kalogeris, Ioannis"]
[Black "Shapiro, Daniel"]
[WhiteFideId "4239563"]
[BlackFideId "2001780"]
[WhiteElo "2545"]
[BlackElo "2379"]
[Result "0-1"]
[Round "3"]
[TimeControl "180+1"]
[Date "2023.08.01"]
[WhiteClock "0:00:34"]
[BlackClock "0:00:12"]
[Board "103"]

1. e4 c5 2. Nf3 d6 3. Nc3 Nc6 4. Bb5 Bd7 5. O-O e6 6. Bxc6 Bxc6 7. d3 Be7 8. Bf4 g5 9. Bg3 g4 10. Nd2 h5 11. f3 h4 12. Bf2 g3 13. hxg3 hxg3 14. Bxg3 Bh4 15. Qe1 Qg5 16. Bxh4 Rxh4 17. g3 Rh3 18. Ne2 O-O-O 19. f4 Qh6 20. Nf3 Nf6 21. Kg2 Ng4 22. Rh1 Rh8 23. Nh4 Rxh1 24. Qxh1 f5 25. Nc3 Qh5 26. Qe1 Rg8 27. Kh3 Nf6 28. exf5 Qg4+ 29. Kh2 exf5 30. Qe6+ Bd7 31. Qe1 Nh5 32. Ne2 Re8 0-1


[Site "https://www.chess.com"]

[Event "Titled Tuesday Blitz August 1 Late 2023"]
[White "Fiorito, Francisco"]
[Black "Mike24147"]
[WhiteFideId "180165"]
[WhiteElo "2544"]
[BlackElo "2375"]
[Result "0-1"]
[Round "3"]
[TimeControl "180+1"]
[Date "2023.08.01"]
[WhiteClock "0:00:00"]
[BlackClock "0:00:23"]
[Board "104"]

1. a3 e5 2. b4 g6 3. Bb2 Bg7 4. h4 h5 5. Nf3 d6 6. c4 Ne7 7. Nc3 O-O 8. e3 e4 9. Ng5 Bf5 10. Qc2 Nbc6 11. Ngxe4 d5 12. cxd5 Nxd5 13. d3 Re8 14. Nxd5 Qxd5 15. Bxg7 Kxg7 16. Qc3+ Qe5 17. Qxe5+ Nxe5 18. f3 Rad8 19. O-O-O a5 20. Be2 axb4 21. axb4 Nc6 22. b5 Na7 23. Nc3 Rxe3 24. Rd2 Rde8 25. Bf1 Re1+ 26. Kc2 R8e5 27. Kb2 Nxb5 28. d4 Nxc3 29. dxe5 Nb5 30. f4 Rb1+ 31. Ka2 Nc3+ 32. Ka3 b5 33. Rb2 Re1 34. g3 c5 35. Bg2 b4+ 36. Kb3 Be6+ 37. Kc2 Re2+ 38. Kc1 Na2+ 39. Kb1 Nc3+ 40. Ka1 Re3 41. Rf1 Rxg3 42. Bc6 Rh3 43. Rh2 Rxh2 0-1


[Site "https://www.chess.com"]

[Event "Titled Tuesday Blitz August 1 Late 2023"]
[White "Elissalt Cardenas, Hector"]
[Black "Keleberda, Tymur"]
[WhiteFideId "3500632"]
[BlackFideId "14174294"]
[WhiteElo "2372"]
[BlackElo "2543"]
[Result "0-1"]
[Round "3"]
[TimeControl "180+1"]
[Date "2023.08.01"]
[WhiteClock "0:00:27"]
[BlackClock "0:01:48"]
[Board "105"]

1. d4 c6 2. c4 g6 3. h4 Nf6 4. Nc3 d5 5. cxd5 cxd5 6. Bf4 Nc6 7. e3 Bg7 8. Be2 h6 9. Nf3 Bf5 10. Ne5 O-O 11. g4 Be6 12. g5 Ne4 13. Nxc6 bxc6 14. Nxe4 dxe4 15. gxh6 Qa5+ 16. Qd2 Qxd2+ 17. Kxd2 Bf6 18. Bg5 Kh7 19. Rac1 Bd5 20. b3 a5 21. Bf4 a4 22. Bc4 axb3 23. axb3 Ra2+ 24. Rc2 Rxc2+ 25. Kxc2 e6 26. Bg5 Bh8 27. h5 Ra8 28. hxg6+ Kxg6 29. Rg1 c5 30. Bf4+ Kh7 31. Be5 Bxe5 32. dxe5 Bxc4 33. bxc4 Ra2+ 34. Kc3 Rxf2 35. Rg4 Kxh6 36. Rxe4 Kg5 37. Kd3 Rf1 38. Rh4 Kxh4 0-1


[Site "https://www.chess.com"]

[Event "Titled Tuesday Blitz August 1 Late 2023"]
[White "Grinev, Valeriy"]
[Black "AndresDelgado77"]
[WhiteFideId "14117517"]
[WhiteElo "2539"]
[BlackElo "2371"]
[Result "1-0"]
[Round "3"]
[TimeControl "180+1"]
[Date "2023.08.01"]
[WhiteClock "0:00:36"]
[BlackClock "0:00:00"]
[Board "106"]

1. Nf3 Nf6 2. c4 c6 3. Nc3 d5 4. d4 dxc4 5. e3 b5 6. a4 Nd5 7. axb5 Nxc3 8. bxc3 cxb5 9. Ba3 Bb7 10. g3 Nd7 11. Bg2 e6 12. Bxf8 Nxf8 13. Qb1 Nd7 14. O-O Nf6 15. Qxb5+ Qd7 16. Qxc4 O-O 17. Ne5 Qe7 18. Rfb1 Bxg2 19. Kxg2 Rfc8 20. Qd3 Nd5 21. c4 Nb4 22. Qe4 f6 23. Nf3 f5 24. Qe5 Rxc4 25. Qa5 Nd5 26. Ne5 Rc2 27. Kg1 a6 28. h4 Qc7 29. Qxc7 Rxc7 30. Ra5 g6 31. Nd3 Rc2 32. Nc5 Nc3 33. Rb7 Ne4 34. Nxe4 fxe4 35. Re5 Rf8 36. Rxe6 Rfxf2 37. Re8+ Rf8 38. Rxe4 h5 39. Ree7 Rff2 40. Re8+ Rf8 41. Rxf8+ Kxf8 42. Rb6 Ra2 43. Rxg6 a5 44. Rg5 a4 45. Rxh5 a3 46. Ra5 Re2 47. Rxa3 Ke7 48. Kf1 Rb2 49. h5 Kf6 50. Ra5 Rd2 51. g4 Rc2 52. g5+ 1-0


[Site "https://www.chess.com"]

[Event "Titled Tuesday Blitz August 1 Late 2023"]
[White "Bach, Matthias"]
[Black "Dobrikov, Marco"]
[WhiteFideId "4603168"]
[BlackFideId "12950378"]
[WhiteElo "2371"]
[BlackElo "2538"]
[Result "0-1"]
[Round "3"]
[TimeControl "180+1"]
[Date "2023.08.01"]
[WhiteClock "0:00:25"]
[BlackClock "0:02:12"]
[Board "107"]

1. d4 g6 2. c4 Bg7 3. f4 Nf6 4. Nc3 d5 5. e3 O-O 6. cxd5 Nxd5 7. Bc4 c6 8. Nf3 Bg4 9. h3 Bxf3 10. Qxf3 e6 11. O-O Nd7 12. Ne4 b5 13. Bd3 f5 14. Ng5 Qe7 15. Qe2 a6 16. b3 c5 17. Bb2 Rac8 18. dxc5 Nxc5 19. Bxg7 Qxg7 20. Rac1 e5 21. Rxc5 Rxc5 22. Ne6 Qe7 23. Nxf8 Kxf8 24. e4 Nxf4 25. Qd2 Qd6 26. Rxf4 exf4 27. exf5 Rxf5 28. Qc3 Qc5+ 0-1


[Site "https://www.chess.com"]

[Event "Titled Tuesday Blitz August 1 Late 2023"]
[White "Vifleemskaia, Svetlana"]
[Black "Zhang, Derek"]
[WhiteFideId "4129490"]
[BlackFideId "2087871"]
[WhiteElo "2368"]
[BlackElo "2536"]
[Result "1-0"]
[Round "3"]
[TimeControl "180+1"]
[Date "2023.08.01"]
[WhiteClock "0:00:25"]
[BlackClock "0:00:00"]
[Board "108"]

1. d4 d6 2. c4 e5 3. dxe5 dxe5 4. Qxd8+ Kxd8 5. Nc3 Be6 6. e4 Nd7 7. Be3 c6 8. O-O-O Kc7 9. f4 f6 10. Nf3 Bd6 11. g3 Nh6 12. h3 Rhd8 13. Kc2 b6 14. Be2 Ng8 15. f5 Bf7 16. g4 Bc5 17. Bxc5 Nxc5 18. b4 Nb7 19. Rxd8 Rxd8 20. Rd1 Rxd1 21. Nxd1 Nd6 22. Nd2 Ne7 23. a3 Nec8 24. Ne3 Nb7 25. h4 Ncd6 26. g5 a5 27. gxf6 gxf6 28. Kc3 Kd7 29. Ng4 Ke7 30. Nh6 Nd8 31. Kd3 Ne8 32. c5 axb4 33. axb4 bxc5 34. bxc5 Nb7 35. Nxf7 Kxf7 36. Bh5+ Ke7 37. Bxe8 Kxe8 38. Kc4 Kf7 39. Kb4 Kg7 40. Nc4 Kh6 41. Nd6 Nd8 42. Ne8 Kh5 43. Nxf6+ Kxh4 44. Nxh7 Kg4 45. Kc4 Kf4 46. Kd3 Nf7 47. Nf8 Kf3 48. Ng6 Kf2 49. Ne7 Nd8 50. f6 Kf3 51. Nxc6 Ne6 52. Nxe5+ Kf4 53. Nd7 Kg5 54. f7 1-0


[Site "https://www.chess.com"]

[Event "Titled Tuesday Blitz August 1 Late 2023"]
[White "Slavin, Alexey"]
[Black "Toropov, Pavel"]
[WhiteFideId "24104388"]
[BlackFideId "24129178"]
[WhiteElo "2361"]
[BlackElo "2536"]
[Result "0-1"]
[Round "3"]
[TimeControl "180+1"]
[Date "2023.08.01"]
[WhiteClock "0:00:07"]
[BlackClock "0:00:13"]
[Board "109"]

1. e4 e6 2. Nf3 d5 3. e5 c5 4. b4 b6 5. a3 a5 6. b5 d4 7. a4 Bb7 8. Bc4 Nd7 9. d3 Bxf3 10. gxf3 Nxe5 11. Ba2 Nf6 12. Bf4 Bd6 13. Bg3 O-O 14. Nd2 Nd5 15. Ne4 Bc7 16. Qe2 Nb4 17. Bb3 c4 18. dxc4 d3 19. cxd3 Nexd3+ 20. Kf1 f5 21. Bxc7 Qxc7 22. Ng5 Nc5 23. Nxe6 Nxe6 24. Qxe6+ Kh8 25. c5 Qxc5 26. Qc4 Rac8 27. Qxc5 Rxc5 28. Kg2 Rc3 29. Be6 g6 30. Rhd1 Rf6 31. Bd7 Kg7 32. Rac1 Rxc1 33. Rxc1 Rd6 34. Bc6 Kf6 35. Ba8 Rd2 36. Rc7 Ra2 37. Rb7 Rxa4 38. Rxb6+ Ke5 39. Rb7 Nd3 40. Re7+ Kd6 41. Re3 Nf4+ 42. Kg3 Rb4 43. Bc6 Ne6 44. Rd3+ Kc5 45. Rc3+ Kb6 46. h4 a4 47. h5 gxh5 48. Kg2 Rb3 49. Rc1 Nf4+ 50. Kg3 Ne2+ 51. Kh4 Nxc1 52. Kxh5 a3 53. Bd5 a2 54. Bxb3 Nxb3 55. Kh6 a1=Q 56. Kxh7 Qf6 0-1


[Site "https://www.chess.com"]

[Event "Titled Tuesday Blitz August 1 Late 2023"]
[White "Spichkin, Alexander"]
[Black "Martinez Reyes, Pedro Ramon"]
[WhiteFideId "4144074"]
[BlackFideId "3901807"]
[WhiteElo "2354"]
[BlackElo "2535"]
[Result "1-0"]
[Round "3"]
[TimeControl "180+1"]
[Date "2023.08.01"]
[WhiteClock "0:00:56"]
[BlackClock "0:00:55"]
[Board "110"]

1. f4 e5 2. e4 d5 3. exd5 exf4 4. Nf3 Bd6 5. d4 Nf6 6. c4 O-O 7. Be2 Ng4 8. O-O Ne3 9. Bxe3 fxe3 10. c5 Bf4 11. Nc3 Nd7 12. Qb3 Nf6 13. Ne5 Bh6 14. Bd3 Ng4 15. Ne4 Nf2 16. d6 Nxe4 17. Bxe4 cxd6 18. Nxf7 Qe8 19. Nxh6+ Kh8 20. Nf7+ Rxf7 21. Qxf7 Be6 22. Qxe8+ Rxe8 23. Bxb7 dxc5 24. d5 Bg4 25. Rf4 h5 26. Re1 g5 27. Rf6 Rb8 28. Ba6 Rxb2 29. d6 Rxa2 30. Bb5 Rd2 31. h3 Bd1 32. Rxe3 Kg7 33. Rfe6 Bb3 34. Re7+ Kf6 35. d7 g4 36. hxg4 hxg4 37. Re8 g3 38. d8=Q+ Rxd8 39. Rxd8 c4 40. Rxg3 Ke7 41. Rd4 a5 42. Bxc4 a4 43. Bxb3 axb3 44. Re3+ 1-0


[Site "https://www.chess.com"]

[Event "Titled Tuesday Blitz August 1 Late 2023"]
[White "Kostiukov, Alexandr"]
[Black "Poltorak, Sebastian"]
[WhiteFideId "14108100"]
[BlackFideId "1199498"]
[WhiteElo "2352"]
[BlackElo "2533"]
[Result "0-1"]
[Round "3"]
[TimeControl "180+1"]
[Date "2023.08.01"]
[WhiteClock "0:00:00"]
[BlackClock "0:00:09"]
[Board "111"]

1. g3 e5 2. c4 Nc6 3. Bg2 g6 4. Nc3 Bg7 5. Nf3 Nge7 6. O-O O-O 7. e3 d6 8. d4 h6 9. dxe5 Nxe5 10. Nxe5 dxe5 11. b3 c6 12. Ba3 Qc7 13. Qe2 Bf5 14. Rad1 Rfd8 15. Rxd8+ Rxd8 16. Rd1 Nc8 17. Ne4 Bxe4 18. Bxe4 f5 19. Bc2 e4 20. Rxd8+ Qxd8 21. Qd1 Qxd1+ 22. Bxd1 Kf7 23. f3 exf3 24. Bxf3 Ke6 25. e4 Bd4+ 26. Kf1 Nb6 27. Bf8 h5 28. exf5+ Kxf5 29. h3 Nd7 30. Ba3 Ne5 31. Be2 Ke4 32. Bc1 Nd3 33. Bh6 Nb4 34. a4 Bc3 35. g4 hxg4 36. Bxg4 Nd3 37. Ke2 Nc5 38. Bc8 b6 39. Be3 Nxb3 40. h4 Na5 41. Be6 Ke5 42. Bf7 Kf6 43. Be8 Nxc4 44. Bg5+ Kg7 45. Bxc6 Ne5 46. Be4 Nf7 47. Be3 Bf6 0-1


[Site "https://www.chess.com"]

[Event "Titled Tuesday Blitz August 1 Late 2023"]
[White "Mladek, Richard"]
[Black "Kujawski, Adam"]
[WhiteFideId "386588"]
[BlackFideId "1100920"]
[WhiteElo "2533"]
[BlackElo "2351"]
[Result "1-0"]
[Round "3"]
[TimeControl "180+1"]
[Date "2023.08.01"]
[WhiteClock "0:00:19"]
[BlackClock "0:00:00"]
[Board "112"]

1. d4 Nf6 2. c4 e6 3. Nc3 Bb4 4. e3 c5 5. Ne2 b6 6. a3 Ba5 7. d5 b5 8. cxb5 Nxd5 9. Bd2 Nxc3 10. Nxc3 d5 11. Be2 O-O 12. O-O Bb7 13. Na4 Nd7 14. Rc1 Rc8 15. b4 cxb4 16. axb4 Bb6 17. Bc3 f6 18. Bd4 Qe7 19. Qb3 Qd6 20. Qa3 e5 21. Bc5 Qe6 22. Rfd1 Rfd8 23. e4 dxe4 24. Bc4 Nxc5 25. Bxe6+ Nxe6 26. Nxb6 axb6 27. Qa7 Rxc1 28. Rxc1 Bd5 29. Qxb6 Kf8 30. Rd1 Ke7 31. h4 Rd7 32. Qb8 Nd4 33. Qh8 f5 34. Qxg7+ Kd6 35. Qf8+ Ke6 36. Qe8+ Kd6 37. Qb8+ Ke6 38. Kh2 Rg7 39. Qb6+ 1-0


[Site "https://www.chess.com"]